 Dungeon Crawl Stone Soup version 0.19.0-20-gbc5f0c6 (webtiles) character file.

49 Jerry the Skirmisher (level 3, 0/30 HPs)
             Began as a Vine Stalker Berserker on Nov 17, 2016.
             Was a Follower of Trog.
             Succumbed to an adder's poison
             ... on level 2 of the Dungeon.
             The game lasted 00:02:50 (1197 turns).

Jerry the Skirmisher (Vine Stalker Berserker)       Turns: 1197, Time: 00:02:51

Health: 0/30       AC: 21    Str: 19    XL:     3   Next: 77%
Magic:  4/4        EV:  2    Int:  7    God:    Trog [*.....]
Gold:   143        SH:  0    Dex: 14    Spells: 0 memorised, 2 levels left

rFire  . . .     SeeInvis .     a - +0 short sword
rCold  . . .     Gourm    .     (armour currently unavailable)
rNeg   + + +     Faith    .     (no shield)
rPois  +         Spirit   +     (helmet currently unavailable)
rElec  .         Reflect  .     (cloak currently unavailable)
rCorr  .         Harm     .     (gloves currently unavailable)
MR     .....     NoTele   +     (boots currently unavailable)
Stlth  +.........               (no amulet)
                                (no ring)
                                (no ring)

@: lethally poisoned (0 -> -6), tree-form, very slightly contaminated, hasted,
very quick
A: (fangs 0), magic shield, (antimagic bite), no device heal 3, rot immunity
a: Berserk, Burn Spellbooks, Renounce Religion


You were on level 2 of the Dungeon.
You worshipped Trog.
Trog was aware of your devotion.
You were not hungry.
You were a tree.
You visited 1 branch of the dungeon, and saw 2 of its levels.

You collected 143 gold pieces.

Inventory:

Hand Weapons
 a - a +0 short sword (weapon)
Armour
 b - a +0 animal skin (melded)
Scrolls
 e - 3 scrolls of identify {unknown}
 h - 2 scrolls of teleportation {unknown}
 i - a scroll of amnesia {unknown}
 l - a scroll of fear {unknown}
 o - a scroll of enchant weapon {unknown}
Potions
 m - a potion of heal wounds
Comestibles
 c - a bread ration
 f - 6 fruits
 j - a beef jerky
 n - 5 chunks of flesh


   Skills:
 + Level 3.5 Fighting
 + Level 3.1 Short Blades
 + Level 2.0 Armour
 - Level 1.5 Dodging


You had 2 spell levels left.
You didn't know any spells.

Dungeon Overview and Level Annotations

Branches:
Dungeon (2/15)

Altars:


Innate Abilities, Weirdness & Mutations

((You have extremely sharp teeth.))
When hurt, damage is shared between your health and your magic reserves.
((Your bite disrupts and absorbs the magic of your enemies.))
Potions and wands cannot restore your health.
You are immune to rotting.


Message History

The adder poisons you!
You hit the adder.
You kill the adder!
Trog accepts your kill.
* * * LOW HITPOINT WARNING * * *
You feel sick.
* * * LOW HITPOINT WARNING * * *
You feel sick.
It was a potion of heal wounds.
That seemed strangely inert.
It was a potion of lignification.
You turn into a tree.
Your +0 animal skin melds into your body.
Your roots penetrate the ground.
* * * LOW HITPOINT WARNING * * *
You feel sick.
It was a potion of magic.
Magic courses through your body.
* * * LOW HITPOINT WARNING * * *
You feel sick.
It was a potion of haste.
You feel yourself speed up.
You are very lightly contaminated with residual magic.
You die...

........#############
.......)##..........#
#.....#....<........###
..##...##............#
#...........÷......#.#
####...............#.#
##...#.......>..#.#
#.#.#..........#.#
#...w.♣......###.#
##.###...#.......# #.#
##..##..##..# #.##
#..##......####
#..###..##.###.....###
##..###....# #>###...#
##.# .#..# #.# ##...
#.# .##. ...# ##.. #w#
..##..##...


You could see a worm.

Vanquished Creatures
  2 adders (D:2)
  A worm (D:1)
  A leopard gecko (D:1)
  3 bats (D:2)
  A giant cockroach (D:1)
  A goblin (D:2)
  3 hobgoblins (D:1)
  3 jackals (D:1)
  2 frilled lizards (D:2)
  6 kobolds
  5 rats (D:1)
28 creatures vanquished.

Notes
Turn   | Place    | Note
-------+----------+-------------------------------------------
     0 | D:1      | Jerry the Vine Stalker Berserker began the quest for the Orb.
     0 | D:1      | Reached XP level 1. HP: 11/11 MP: 2/2
   390 | D:1      | Reached XP level 2. HP: 16/16 MP: 3/3
   800 | D:1      | Reached XP level 3. HP: 9/20 MP: 4/4
  1028 | D:2      | Found a faded altar of an unknown god.
  1195 | D:2      | HP: 1/30 [poisoned by an adder]
  1197 | D:2      | Succumbed to an adder's poison

Skill      XL: |  1  2  3 |
---------------+----------+-----
Fighting       | 3 |  3.5
Short Blades   | 3 |  3.1
Armour         | 2 |  2.0
Dodging        | |  1.5

Action                   || total
-------------------------++-------
Melee: Short sword       ||    69
       Bite              ||    20
Invok: Berserk           ||     1
  Use: Potion            ||     4
 Stab: Sleeping          ||     1
  Eat: Chunk             ||     2
Armor: Animal skin       ||    10
Dodge: Dodged            ||    30
